 Dungeon Crawl Stone Soup version 0.23.2-33-g5129a83184 (webtiles) character file.

Game seed: 9845116352339420919

2704 psyvane the Thaumaturge (level 9, -8/45 HPs)
             Began as a Deep Elf Conjurer on July 14, 2019.
             Was a Believer of Vehumet.
             Mangled by Harold
             ... wielding a +0 mace
              (20 damage)
             ... on level 7 of the Dungeon.
             The game lasted 00:40:03 (6919 turns).

psyvane the Thaumaturge (Deep Elf Conjurer)         Turns: 6919, Time: 00:40:04

Health: -8/45      AC:  5    Str:  7 (10) XL:     9   Next: 39%
Magic:  1/24       EV: 12    Int: 19 (22) God:    Vehumet [**....]
Gold:   351        SH:  0    Dex: 14 (17) Spells: 0/26 levels left

rFire    + . .     SeeInvis .   B - staff of cold
rCold    + . .     Gourm    .   (no shield)
rNeg     . . .     Faith    .   F - +0 leather armour {rF+}
rPois    .         Spirit   .   n - +0 helmet
rElec    .         Reflect  .   m - +0 cloak
rCorr    .         Harm     .   (no gloves)
MR       +....     Clarity  +   (no boots)
Stlth    ++........             j - amulet of the acrobat
HPRegen  0.15/turn              r - ring of protection from magic
MPRegen  0.19/turn              i - ring of flight

@: mighty, marked, very slightly contaminated
A: yellow scales 1, clarity, deformed body, deterioration 1
a: Renounce Religion, Evoke Flight


You were on level 7 of the Dungeon.
You worshipped Vehumet.
Vehumet was pleased with you.
You were not hungry.

You visited 1 branch of the dungeon, and saw 7 of its levels.

You collected 351 gold pieces.

Inventory:

Hand Weapons
 f - a +3 quarterstaff of chaos
 s - the +7 long sword of the Endless Expanse {protect, +Rage, unknown}
   (You found it on level 5 of the Dungeon)

   It protects the one who uses it against injury (+AC on strike).
   It lets you go berserk.
Armour
 m - a +0 cloak (worn)
 n - a +0 helmet (worn)
 w - a +0 shield
 F - a +0 leather armour of fire resistance (worn)
Magical Staves
 B - an uncursed staff of cold (weapon)
 C - an uncursed staff of fire
Jewellery
 a - a +5 ring of slaying
 h - a +6 ring of strength
 i - a ring of flight (right hand)
 j - an amulet of the acrobat (around neck)
 r - a ring of protection from magic (left hand)
Wands
 u - a wand of random effects (14)
 y - a wand of disintegration (15)
 z - a wand of acid (7)
 D - a wand of iceblast (10)
Scrolls
 o - a scroll of magic mapping {unknown}
 p - a scroll of random uselessness {unknown}
 q - a scroll of enchant weapon {unknown}
 A - a scroll of noise {unknown}
 E - a scroll of remove curse
 G - a scroll of vulnerability {unknown}
Potions
 b - a potion of berserk rage {unknown}
 d - 4 potions of ambrosia
 g - 3 potions of curing
 l - a potion of lignification {unknown}
 v - 2 potions of degeneration
 x - a potion of mutation
 I - a potion of agility {unknown}
Comestibles
 c - 14 rations
 H - a chunk of flesh


   Skills:
 - Level 4.5 Staves
 - Level 2.4 Dodging
 - Level 2.4 Stealth
 - Level 9.0 Spellcasting
 - Level 6.9 Conjurations
 - Level 4.3 Hexes
 - Level 5.1 Ice Magic
 * Level 6.9 Evocations


You couldn't memorise any spells.
You knew the following spells:

 Your Spells              Type           Power        Failure   Level  Hunger
a - Magic Dart            Conj           ####         1%          1    None
b - Searing Ray           Conj           #####.       1%          2    None
c - Dazzling Spray        Conj/Hex       ####..       3%          3    None
d - Force Lance           Conj/Tloc      ###.....     28%         4    ###....
e - Fulminant Prism       Conj/Hex       ####......   12%         4    ###....
f - Freeze                Ice            ####         1%          1    None
g - Ozocubu's Armour      Chrm/Ice       ####....     13%         3    None
h - Summon Ice Beast      Ice/Summ       ####....     41%         4    ###....
i - Throw Icicle          Conj/Ice       #####...     11%         4    ###....

Your spell library contained the following spells:

 Spells                   Type           Power        Failure   Level  Hunger
 Sandblast                Erth           #.....       12%         1    None
 Throw Frost              Conj/Ice       #####.       1%          2    None
 Iskenderun's Mystic Bla  Conj           #####...     7%          4    ###....


Dungeon Overview and Level Annotations

Branches:
Dungeon (7/15)             Temple (0/1) D:7

Altars:
Ashenzari
Elyvilon
Hepliaklqana
Qazlal
Ru
Trog
Uskayaw
Vehumet
Xom
Zin

Annotations:
D:7 Harold


Innate Abilities, Weirdness & Mutations

You are partially covered in yellow scales. (AC +2)
You possess an exceptional clarity of mind.
Armour fits poorly on your strangely shaped body.
Your body sometimes deteriorates upon taking damage.


Message History

You struggle against the net.
Harold barely misses you.
Casting: Magic Dart (safe; 1% risk of failure)
Confirm with . or Enter, or press ? or * to list all spells.
Aiming: Magic Dart (safe; 1% risk of failure)
Press: ? - help, Shift-Dir - straight line The magic dart hits Harold but does no damage.
Harold is severely wounded.
Harold shouts, "Can you die now?
I had plans for the rest of the day!"
Harold hits you with a +0 mace!
* * * LOW HITPOINT WARNING * * *
You feel much better.
You feel mightier all of a sudden. Harold hits you with a +0 mace.
You tear a large gash into the net.
A crimson imp comes into view.
Harold hits you with a +0 mace!
* * * LOW HITPOINT WARNING * * *
Your body deteriorates!
You feel weakened.
You rip the net and break free!
Harold hits you with a +0 mace!!
You die...

###.#### ############## #.#####
#............## #.#.[..
#.##...##.###.###.#....
#.#......)####.#.......
#...........##.........
#.........#............
#.##....#.###.###.#.... #.#
#.....@......## #.#.### #.#
#.###@#.###### #.#.... #.##
#.###....# ##'##### ...
#........# ##.(.## ###.#
####.###.# ##[....## ##>#.#
#.....#####.......##
##....########5§......#.........#
.............5..§§....'.........'
##....########......#.#.........#


You could see Harold, a quasit and a crimson imp.

Vanquished Creatures
  A gargoyle (D:5)
  Sigmund (D:6)
  A steam dragon (D:5)
  Edmund (D:6)
  A soldier ant (D:5)
  A black bear (D:6)
  2 phantoms
  4 ogres
  A centaur (D:5)
  A wyvern zombie (D:6)
  2 bullfrogs
  Blork the orc (D:6)
  A wyvern skeleton (D:6)
  A howler monkey (D:4)
  5 crimson imps
  A jelly (D:7)
  An orc priest (D:7)
  2 hounds
  2 orc wizards (D:4)
  Crazy Yiuf (D:5)
  Ijyb (D:5)
  3 iguanas
  3 worker ants
  A hound zombie (D:6)
  3 gnolls
  12 adders
  A shadow imp (D:5)
  An ooze (D:2)
  2 adder skeletons
  3 worms
  2 dart slugs
  3 leopard geckos
  13 orcs
  6 giant cockroaches
  4 goblins
  10 hobgoblins
  2 jackals (D:6)
  4 kobolds
  3 quokkas
  3 ball pythons
  5 bats
  6 frilled lizards
  A leopard gecko zombie (D:5)
  A quokka skeleton (D:4)
  7 rats
  4 fulminant prisms
135 creatures vanquished.

Vanquished Creatures (collateral kills)
  A black bear (D:7)
  An ogre (D:7)
2 creatures vanquished.

Vanquished Creatures (others)
  17 fulminant prisms
17 creatures vanquished.

Grand Total: 154 creatures vanquished

Notes
Turn   | Place    | Note
-------+----------+-------------------------------------------
     0 | D:1      | psyvane the Deep Elf Conjurer began the quest for the Orb.
     0 | D:1      | Reached XP level 1. HP: 10/10 MP: 6/6
   362 | D:1      | Reached XP level 2. HP: 15/15 MP: 6/8
   375 | D:1      | Learned a level 2 spell: Searing Ray
   615 | D:1      | Reached skill level 5 in Conjurations
   854 | D:2      | Reached skill level 4 in Spellcasting
   854 | D:2      | Reached XP level 3. HP: 8/19 MP: 4/10
  1085 | D:2      | Learned a level 3 spell: Dazzling Spray
  1146 | D:2      | Reached skill level 5 in Spellcasting
  1156 | D:2      | Reached XP level 4. HP: 24/24 MP: 2/13
  1399 | D:2      | Found a radiant altar of Vehumet.
  1411 | D:2      | Became a worshipper of Vehumet
  1777 | D:3      | Learned a level 4 spell: Force Lance
  1782 | D:3      | Learned a level 4 spell: Fulminant Prism
  1828 | D:3      | Reached skill level 1 in Hexes
  1843 | D:3      | Found a shimmering altar of Xom.
  1920 | D:3      | Found a shattered altar of Ashenzari.
  1961 | D:3      | Found a white marble altar of Elyvilon.
  2003 | D:3      | Noticed an ogre
  2137 | D:3      | Reached XP level 5. HP: 26/28 MP: 5/15
  2215 | D:3      | Killed an ogre
  2416 | D:3      | Found a bloodstained altar of Trog.
  2462 | D:3      | Found a glowing silver altar of Zin.
  2551 | D:4      | Reached XP level 6. HP: 23/32 MP: 0/16
  2663 | D:4      | Reached * piety under Vehumet
  2663 | D:4      | Offered knowledge of Flame Tongue by Vehumet.
  3499 | D:4      | Learned a level 1 spell: Freeze
  3531 | D:5      | Entered Level 5 of the Dungeon
  3548 | D:5      | Reached skill level 1 in Ice Magic
  3611 | D:5      | Reached XP level 7. HP: 21/36 MP: 2/17
  3734 | D:5      | Got a crude long sword
  4113 | D:5      | Found a large runed translucent door.
  4113 | D:5      | Found a large runed translucent door.
  4116 | D:5      | Noticed a steam dragon
  4124 | D:5      | Noticed Ijyb
  4414 | D:5      | Killed Ijyb
  4414 | D:5      | Reached skill level 5 in Ice Magic
  4578 | D:5      | Found a large runed translucent door.
  4578 | D:5      | Found a large runed translucent door.
  4614 | D:5      | Noticed a gargoyle
  4623 | D:5      | Killed a gargoyle
  4623 | D:5      | Reached skill level 8 in Spellcasting
  4623 | D:5      | Reached XP level 8. HP: 41/41 MP: 4/22
  4810 | D:5      | Found a runed translucent door.
  4811 | D:5      | Noticed Crazy Yiuf
  4845 | D:5      | Found a sacrificial altar of Ru.
  5005 | D:5      | Reached skill level 9 in Spellcasting
  5072 | D:5      | Learned a level 3 spell: Ozocubu's Armour
  5077 | D:5      | Learned a level 4 spell: Summon Ice Beast
  5273 | D:5      | Killed Crazy Yiuf
  5316 | D:6      | Offered knowledge of Sandblast by Vehumet.
  5318 | D:6      | Reached ** piety under Vehumet
  5328 | D:6      | Noticed Edmund
  5335 | D:6      | Killed Edmund
  5627 | D:6      | Reached skill level 1 in Evocations
  5637 | D:6      | Noticed Sigmund
  5642 | D:6      | Killed Sigmund
  5676 | D:6      | Noticed a +0 dagger
  5676 | D:6      | Noticed a +0 hand axe
  5681 | D:6      | Found a hide-covered altar of Uskayaw.
  5706 | D:6      | Reached XP level 9. HP: 35/45 MP: 1/24
  5784 | D:6      | Found a hazy altar of Hepliaklqana.
  5819 | D:6      | Noticed Blork the orc
  5897 | D:6      | Killed Blork the orc
  5916 | D:6      | Reached skill level 5 in Evocations
  6160 | D:6      | Found a stormy altar of Qazlal.
  6224 | D:7      | Learned a level 4 spell: Throw Icicle
  6631 | D:7      | Found a staircase to the Ecumenical Temple.
  6750 | D:7      | Noticed Harold
  6910 | D:7      | Gained mutation: You are partially covered in yellow
                  | scales. (AC +2) [potion of mutation]
  6910 | D:7      | Gained mutation: Armour fits poorly on your strangely
                  | shaped body. [potion of mutation]
  6910 | D:7      | Gained mutation: Your body sometimes deteriorates upon
                  | taking damage. [potion of mutation]
  6910 | D:7      | Gained mutation: You possess an exceptional clarity of
                  | mind. [potion of mutation]
  6919 | D:7      | Mangled by Harold

Skill      XL: |  1  2  3  4  5  6  7  8  9 |
---------------+----------------------------+-----
Conjurations   | 5 6 |  6.9
Spellcasting   | 4 5 8 9 |  9.0
Hexes          | 2 4 |  4.3
Ice Magic      | 2 5 |  5.1
Staves         | 4 |  4.5
Evocations     | 3 6 |  6.9
Dodging        | |  2.4
Stealth        | |  2.4

Action                   |  1- 3 |  4- 6 |  7- 9 || total
-------------------------+-------+-------+-------++-------
Melee: Dagger            |       |    25 |       ||    25
       Staff             |       |       |    10 ||    10
 Cast: Magic Dart        |    40 |   131 |   140 ||   311
       Searing Ray       |     2 |     4 |    21 ||    27
       Fulminant Prism   |       |     8 |    13 ||    21
       Dazzling Spray    |       |     2 |       ||     2
       Force Lance       |       |     1 |    11 ||    12
       Summon Ice Beast  |       |       |     3 ||     3
       Throw Icicle      |       |       |     1 ||     1
  Use: Scroll            |       |     9 |     4 ||    13
       Potion            |       |     1 |     8 ||     9
  Eat: Chunk             |     1 |     8 |     9 ||    18
       Ration            |       |       |     1 ||     1
Armor: Robe              |     1 |    15 |     2 ||    18
       Leather armour    |       |       |     6 ||     6
Dodge: Dodged            |    22 |    43 |    54 ||   119
